Map: Eternal Empire LE

Players

MikeHawk - Winner!

  • Race: Terran Terran
  • League: Master
  • Spawn Location: 1:00

Beowulf

  • Race: Zerg Zerg
  • League: Master
  • Spawn Location: 7:00

VOD

Have the link to the VOD?

Description

Time

  • Played on: Dec. 20, 2019, 10:24 a.m.
  • Length: 5:32
Show
View Real Time Build Order
Export as new Build Order

MikeHawk Terran - Winner!

Build Orders: Reaper Expand 

Get SALT Encoding   

  12  0:00  SCV  
  13  0:13  SCV  
  14  0:21  Supply Depot  
  14  0:25  SCV  
  15  0:42  SCV  
  16  0:44  Barracks  
  16  0:45  Refinery  
  16  0:54  SCV  
  17  1:06  SCV  
  18  1:19  SCV  
  19  1:30  Reaper  
  19  1:31  Orbital Command  
  20  1:44  Command Center  
  20  1:53  Supply Depot  
  20  1:56  SCV  
  21  2:02  Marine  
  23  2:08  SCV  
  23  2:11  Factory  
  23  2:20  SCV  
  23  2:21  Bunker  
  23  2:22  Marine  
  24  2:32  Bunker, SCV  
  25  2:41  Bunker, Barracks Tech Lab  
  25  2:45  SCV  
  26  2:55  Refinery  
  26  2:57  SCV  
  27  3:01  Orbital Command  
  27  3:09  SCV  
  28  3:13  Cyclone  
  31  3:21  SCV  
  31  3:24  Orbital Command  
  31  3:26  Supply Depot  
  32  3:27  Marine  
  33  3:35  Starport  
  33  3:39  SCV  
  34  3:45  Supply Depot, Marine  
  35  3:55  SCV  
  36  3:57  SCV  
  37  4:03  Barracks Reactor  
  37  4:07  SCV  
  37  4:09  SCV  
  39  4:11  Factory Tech Lab  
  39  4:16  Orbital Command  
  39  4:19  SCV  
  40  4:26  Banshee  
  43  4:31  SCV  
  43  4:32  Command Center  
  43  4:38  Supply Depot  
  44  4:42  SCV  
  44  4:43  SCV  
  44  4:44  Siege Tank, Marine  
  50  4:47  Marine  
  51  4:54  SCV  
  51  4:55  SCV  
  53  5:04  Marine  
  53  5:05  Marine  
  53  5:06  SCV  
  56  5:07  SCV  
  56  5:12  Supply Depot  
  60  5:18  SCV  
  60  5:20  SCV  
  60  5:21  Starport Reactor  
Show
View Real Time Build Order
Export as new Build Order

Beowulf Zerg 

Build Orders: Pool First 

Get SALT Encoding   

  12  0:02  Drone  
  13  0:23  Spawning Pool  
  13  0:26  Extractor  
  11  0:29  Drone  
  11  0:32  Drone  
  13  0:42  Overlord  
  13  0:48  Drone  
  14  1:01  Drone  
  15  1:10  Zergling x2  
  16  1:14  Roach Warren  
  16  1:16  Extractor  
  14  1:37  Drone  
  15  1:53  Roach x3  
  21  2:04  Overlord  
  21  2:22  Queen  
  23  2:35  Ravager x3  
  25  2:41  Metabolic Boost  
  26  2:51  Drone x2  
  27  3:04  Drone x2  
  29  3:23  Hatchery  
  28  3:56  Lair  
  28  3:57  Overlord x3  
  28  4:15  Overlord  
  28  4:16  Zergling x4  
  30  4:32  Zergling x6  
  30  4:35  Queen  
  30  4:36  Drone x2  
  37  4:49  Drone  
  37  4:50  Drone  
  39  5:01  Nydus Network  
  39  5:02  Zergling x4  
  40  5:09  Roach  
  40  5:12  Roach  
Tags
 
Add a new tag
Caveats
  • Supply blocks, unpowered buildings, or Contaminate may cause inaccurate times.
  • Supply counts are checked every 10 seconds.